Minoru, lawful male human Samurai ---- |..| . ---- ---- ----..... |..-- --..| |.......- --- --...--- ----- -|...| --.- |.......|---.-- |......----------- |...--.|.|.| ..--...-----...--.|...| |................| |........|^| -...^....-- |.........-- --.....--.-.----.--- |........|.| ------.........---......-..------------.........| |^..-- |.|......|.--- --...........^...................)...............| --...| |.--.--......| |.|...---%..--....<.)----------------..-----......-| --..| |....||......---|.|.|.. --.-----.....| --.---.- |...| -----...| ---- |..---|........-|...|.. --- -.....----........ ---...-- --.-- |..| --..|.....|.--- .|.....|.........| |......| ------- |..| -----..@.%.| ----...........---.......----..|--- |..| ---....|..-- --..........----....)...|...--.--- --..| |.....-|...| |...........-----...............| |...| |...---|-..| -...........| |...--..--......-- |...| ----- |...| |...........| --..-|------......| --.-- |...| |>......--.-- |....| |......| --- ----- --.--------- ---.-- ---.|.-- --- --- - - Minoru the Ronin Experience level: 5 Strength: 16 Dexterity: 17 Constitution: 18 Intelligence: 10 Wisdom: 8 Charisma: 9 Health: 40(41) Energy: 19(19) Def: 7 Gold: 0 Moves: 2211 Dungeon seed: 5JLRK778qFCuO5b8 Game ID: Minoru_1527972166 Your Inventory: Weapons a - an uncursed +0 katana (weapon in hand) b - an uncursed +0 wakizashi c - a blessed +0 yumi d - 42 uncursed +0 ya w - 61 uncursed +0 arrows A - 8 blessed +0 arrows C - an uncursed +0 dagger H - an uncursed +0 bow Armor e - an uncursed rustproof +0 splint mail (being worn) q - an uncursed +0 orcish helm (being worn) D - an uncursed +0 dwarvish cloak Comestibles j - 2 uncursed gunyoki t - an uncursed tin of spinach G - an uncursed bar of chocolate Scrolls f - an uncursed scroll of enchant weapon h - 5 uncursed scrolls of identify m - a cursed scroll of identify o - an uncursed scroll of genocide s - an uncursed scroll of teleportation x - an uncursed scroll of remove curse E - a blessed scroll of stinking cloud Wands u - an uncursed wand of teleportation (0:5) Tools B - a blessed oil lamp (lit) (0:1081) F - 8 uncursed tallow candles (0:200) Gems n - 2 uncursed worthless pieces of blue glass r - 2 uncursed worthless pieces of green glass y - an uncursed garnet stone z - 2 uncursed worthless pieces of white glass N - 3 uncursed worthless pieces of black glass Y - an uncursed amethyst stone Spells and supernatural/magical abilities: Name Level Category Fail Memory i - invisibility 4 escape 100% 93% W - pray for help -- divine ? -- Your skills at the end: Fighting Skills martial arts [Basic] Weapon Skills short sword [Basic] long sword [Skilled] bow [Basic] Spellcasting Skills Final Attributes: You were piously aligned. You were fast. You are dead. Vanquished creatures: a rock piercer 4 gnome lords a gnomish wizard a dwarf a homunculus a dwarf zombie 2 acid blobs a hobbit a yellow mold 23 gnomes 4 garter snakes a gecko 2 jackals 2 foxes 2 goblins a sewer rat 4 grid bugs a bat 3 lichens 4 newts 60 creatures vanquished. Voluntary challenges: You used a wielded weapon 73 times, starting on turn 4. You read items or engraved 15 times, starting on turn 684. You never genocided any monsters. You never polymorphed an object. You never changed form. You used no wishes. You never split a pudding. You never wrote Elbereth's name. You never violated your personal moral code. Dungeon overview: The Dungeons of Doom: levels 1 to 4 Level 1 an altar to Amaterasu Omikami, a fountain a long staircase Level 2 a scroll shop, some sinks Level 3 stairs to The Gnomish Mines Level 4 The Gnomish Mines: levels 4 to 6 Level 4 stairs to The Dungeons of Doom Level 5 <- You were here Level 6 History has recorded: On T:1 you entered the Dungeons of Doom to retrieve the Amulet of Yendor! On T:310 you reached level 2 of The Dungeons of Doom. On T:385 you advanced to experience level 2. On T:961 you reached level 3 of The Dungeons of Doom. On T:1004 you reached level 1 of The Gnomish Mines. On T:1037 you reached level 4 of The Dungeons of Doom. On T:1222 you advanced to experience level 3. On T:1451 you advanced to experience level 4. On T:1824 you reached level 2 of The Gnomish Mines. On T:1832 you advanced to experience level 5. On T:1836 you reached level 3 of The Gnomish Mines. Score breakdown: Gold: 0 ( 0 points) Experience: 5 levels (11141 points) Exploration: 6 levels ( 12.24%) ( 9682 points) Discoveries: 4 items ( 1.63%) ( 3825 points) Valuables value: (no points given unless you survive) Artifact value: 0 ( 0 points) Variety of kills: 20 monsters ( 5.25%) ( 6873 points) Turncount: 2211 turns ( -149 points) Survival: died (score multiplied by 80%) Total score: 25097 Latest messages: Never mind. You stop running. A gush of water hits your left arm! A rock piercer suddenly drops from the ceiling! A falling rock piercer glances off your helmet. The rock piercer bites! You hit the rock piercer. You kill the rock piercer! You see here a rock piercer corpse. Blecch! Rotten food! Everything suddenly goes dark. You finish eating the rock piercer corpse. Your lamp is now off. You sense a monster nearby! There's still a monster there. You sense a monster nearby! You can see again. You finish searching. Your lamp is now on. You displace Hachi. You fall into a pit! You land on a set of sharp iron spikes! The spikes were poisoned! The poison was deadly... Final status: Sayonara Minoru the Samurai, killed by a fall onto poison spikes... You were poisoned in The Gnomish Mines on dungeon level 5 with 25097 points, and 0 pieces of gold, after 2211 moves. You were level 5 with a maximum of 41 hit points when you were poisoned.